cohdb
Replays
Latest Replays
All Replays
Popular Replays
Top Player Replays
Match Explorer
How It Works
Community
CoH3 Stats
Reddit
Sign in to upload your games and track your stats! →
Sign in with Steam
Match 41912060
Unlisted
Match 41912060
Overview
Messages
Build Orders
End
Kettenkrad Recon Vehicle
Construct Infanterie Kompanie
MG 42 Machine Gun Team
Grenadier Squad
Grenadier Squad
Construct Panzergrenadier Kompanie
251 Medium Carrier
Pak 40 Anti-tank Gun Team
251 Medium Carrier
Panzergrenadier Squad
Support Elements
Nebelwerfer 42 Rocket Launcher Team
Construct Panzer Kompanie
wila
YO BOY ANT
ToxicCheeseMan
Monkey Master of Monkeys
john china
Chen
只因未来
Six
0
0
Comments
sign in to comment!
No comments posted yet!